 Dungeon Crawl Stone Soup version 0.23.1 (webtiles) character file.

Game seed: 5007822972230188878

65 vishdafish the Ruffian (level 4, -7/40 HPs)
             Began as a Ghoul Monk on Mar 7, 2019.
             Killed from afar by an orc wizard (10 damage)
             ... with a magic dart
             ... on level 2 of the Dungeon.
             The game lasted 00:02:29 (1134 turns).

vishdafish the Ruffian (Ghoul Monk)                 Turns: 1134, Time: 00:02:30

Health: -7/40      AC:  2    Str: 15    XL:     4   Next: 13%
Magic:  3/3        EV: 13    Int:  5    God:
Gold:   64         SH:  0    Dex: 11    Spells: 3/3 levels left

rFire    . . .     SeeInvis .     - Unarmed
rCold    + . .     Gourm    .   (no shield)
rNeg     + + +     Faith    .   a - +0 robe
rPois    ∞         Spirit   .   (no helmet)
rElec    .         Reflect  .   (no cloak)
rCorr    .         Harm     .   (no gloves)
MR       .....                  (no boots)
Stlth    ++........             m - amulet of regeneration
HPRegen  0.00/turn              (no ring)
MPRegen  0.08/turn              (no ring)

@: rotting, hasted, very quick
A: rotting body, claws 1, carnivore, cold resistance 1, negative energy
resistance 3, inhibited regeneration, torment resistance, unbreathing
a: no special abilities


You were on level 2 of the Dungeon.
You were not hungry.

You visited 1 branch of the dungeon, and saw 2 of its levels.

You collected 64 gold pieces.

Inventory:

Armour
 a - a +0 robe (worn)
Jewellery
 m - an amulet of regeneration (around neck)
 o - a cursed ring of attention {unknown}
Scrolls
 e - a scroll of magic mapping {unknown}
 f - 2 scrolls of remove curse {unknown}
 g - a scroll of amnesia {unknown}
 h - a scroll of identify {unknown}
 k - a scroll of enchant armour {unknown}
 n - a scroll of fog {unknown}
Potions
 i - a potion of cancellation {unknown}
 l - a potion of might {unknown}
Comestibles
 b - 2 rations


   Skills:
 + Level 3.7 Fighting
 + Level 3.3 Dodging
 + Level 2.6 Stealth
 + Level 4.2 Unarmed Combat


You had 3 spell levels left.
You didn't know any spells.
Your spell library was empty.

Dungeon Overview and Level Annotations

Branches:
Dungeon (2/15)

Altars:


Innate Abilities, Weirdness & Mutations

Your body is rotting away.
You thrive on raw meat.
You are immune to poison.
You have sharp fingernails.
You are carnivorous and can eat meat at any time.
Your flesh is cold resistant. (rC+)
You are immune to negative energy. (rN+++)
You do not regenerate when monsters are visible.
You are immune to unholy pain and torment.
You can survive without breathing.


Message History

The orc wizard resists with some effort.
The now-empty wand crumbles to dust.
The orc wizard hits you with a +0 dagger.
* * * LOW HITPOINT WARNING * * *
You stop training Evocations.
You aren't carrying any items that you can evoke.
You claw the orc wizard!
The orc wizard is severely wounded.
The orc wizard hits you with a +0 dagger.
* * * LOW HITPOINT WARNING * * *
The orc wizard casts a spell.
The orc wizard blinks!
The orc wizard casts a spell at you. The puff of flame hits you.
* * * LOW HITPOINT WARNING * * *
Unknown command.
It was a potion of haste.
You feel yourself speed up.
The orc wizard gestures at you while chanting.
The magic dart hits you!
You die...

#........#... ###
#.########... ##.##
#.#..........
##...###.#.######.#.
##.....#....# ##.#.
#......o.#..#####....
##.....#...###.......
##.§$###.## #.##....
##@## .# ##.#. #o# ..
...#> #..o# #..
#####. #.### ..( #.
#. ...#. ####. #
#.##)##....
#.##.#...#.
#..#.......
#..##......


You could see 2 orc wizards and an orc.

Vanquished Creatures
  An orc wizard (D:2)
  A worm (D:2)
  A dart slug (D:2)
  3 bats (D:1)
  4 giant cockroaches
  4 goblins (D:2)
  5 hobgoblins (D:1)
  5 kobolds
  4 frilled lizards
  5 rats
33 creatures vanquished.

Vanquished Creatures (others)
  A leopard gecko (D:2)
1 creature vanquished.

Grand Total: 34 creatures vanquished

Notes
Turn   | Place    | Note
-------+----------+-------------------------------------------
     0 | D:1      | vishdafish the Ghoul Monk began the quest for the Orb.
     0 | D:1      | Reached XP level 1. HP: 19/19 MP: 0/0
    12 | D:1      | Noticed a minotaur skeleton
    73 | D:1      | Reached XP level 2. HP: 10/25 MP: 1/1
   668 | D:2      | Reached XP level 3. HP: 12/31 MP: 2/2
  1125 | D:2      | Reached skill level 4 in Unarmed Combat
  1125 | D:2      | Reached XP level 4. HP: 17/40 MP: 3/3
  1134 | D:2      | Killed from afar by an orc wizard

Skill      XL: |  1  2  3 |
---------------+----------+-----
Dodging        | 3 |  3.3
Unarmed Combat | 4 |  4.2
Fighting       | |  3.7
Stealth        | |  2.6

Action                   |  1- 3 |  4- 6 || total
-------------------------+-------+-------++-------
Melee: Unarmed           |   116 |     1 ||   117
       Punch             |     1 |       ||     1
Evoke: Wand              |     1 |     7 ||     8
  Use: Potion            |       |     1 ||     1
 Stab: Sleeping          |     1 |       ||     1
       Paralysed         |     3 |       ||     3
  Eat: Chunk             |     8 |       ||     8
Armor: Robe              |    18 |     1 ||    19
Dodge: Dodged            |    72 |     5 ||    77
